 Dungeon Crawl Stone Soup version 0.20.1-1-g8b1a95d (webtiles) character file.

50190 grinvi4 the Thaumaturge (level 14, -23/76 HPs)
             Began as a Deep Elf Conjurer on Aug 19, 2017.
             Was a High Priest of Vehumet.
             Killed from afar by a hell hound (31 damage)
             ... with a blast of flame
             ... led by Azrael
             ... on level 15 of the Dungeon.
             The game lasted 02:49:57 (23557 turns).

grinvi4 the Thaumaturge (Deep Elf Conjurer)        Turns: 23557, Time: 02:49:58

Health: -23/76     AC:  7    Str:  6    XL:     14   Next: 18%
Magic:  3/32       EV: 16    Int: 32    God:    Vehumet [*****.]
Gold:   815        SH:  0    Dex: 14    Spells: 12/37 levels left

rFire    x . .     SeeInvis +   L - +8 rapier of Karma {flame, *Slow Int+7}
rCold    + . .     Gourm    .   (no shield)
rNeg     . . .     Faith    +   a - +0 robe
rPois    +         Spirit   .   y - +1 hat
rElec    .         Reflect  .   x - +1 cloak
rCorr    .         Harm     .   (no gloves)
MR       ++...                  (no boots)
Stlth    ++........             S - amulet of the Mantidfly {Faith rPois}
Regen    0.3/turn               T - ring of Rocom {Ice +Fly Dex-3 Slay+5 SInv}
MPRegen  0.3/turn               R - ring of Dezusk {+Blink MR+ Dex+2}

@: no status effects
A: slimy green scales 1, blink
a: Blink, Renounce Religion, Evoke Blink, Evoke Flight


You were on level 15 of the Dungeon.
You worshipped Vehumet.
Vehumet was extremely pleased with you.
You were near starving.

You visited 2 branches of the dungeon, and saw 16 of its levels.

You collected 815 gold pieces.

Inventory:

Hand Weapons
 L - the +8 rapier of Karma (weapon) {flame, *Slow Int+7}
   (You found it on level 9 of the Dungeon)

   It has been specially enchanted to burn those struck by it, causing extra
   injury to most foes and up to half again as much damage against particularly
   susceptible opponents.
   It affects your intelligence (+7).
   It may slow you when you take damage.
Armour
 a - a +0 robe (worn)
 x - a +1 cloak (worn)
 y - a +1 hat (worn)
Jewellery
 i - the amulet "Ummonil" {rC+ Regen+}
   (You found it on level 6 of the Dungeon)

   [amulet of regeneration]

   It protects you from cold.
   It increases your rate of regeneration.
 k - an uncursed amulet of harm
 B - an uncursed ring of resist corrosion
 R - the ring of Dezusk (right hand) {+Blink MR+ Dex+2}
   (You took it off a deep elf mage on level 10 of the Dungeon)

   [ring of protection from magic]

   It affects your dexterity (+2).
   It affects your resistance to hostile enchantments.
   It lets you blink.
 S - the amulet of the Mantidfly (around neck) {Faith rPois}
   (You found it on level 10 of the Dungeon)

   [amulet of faith]

   It allows you to gain divine favour quickly.
   It protects you from poison.
 T - the ring of Rocom (left hand) {Ice +Fly Dex-3 Slay+5 SInv}
   (You found it on level 10 of the Dungeon)

   [ring of ice]

   It enhances your ice magic.
   It affects your dexterity (-3).
   It affects your accuracy and damage with ranged weapons and melee attacks
   (+5).
   It makes you vulnerable to fire.
   It protects you from cold.
   It lets you see invisible.
   It lets you fly.
 U - the amulet of Himovves {Spirit MR+++ Int+2 Dex-5}
   (You found it on level 10 of the Dungeon)

   [amulet of guardian spirit]

   It causes incoming damage to be split between your health and magic.
   It affects your intelligence (+2).
   It affects your dexterity (-5).
   It affects your resistance to hostile enchantments.
Wands
 h - a wand of iceblast (6/15)
 A - a wand of polymorph (13/24)
 C - a wand of lightning (14/15)
 D - a wand of random effects (7/48)
 Q - a wand of acid (11/15)
Scrolls
 e - 5 scrolls of remove curse
 g - 9 scrolls of identify
 j - a scroll of immolation {unknown}
 l - 2 scrolls of fog
 m - 3 scrolls of enchant armour
 n - 3 scrolls of teleportation
 o - 5 scrolls of blinking
 u - a scroll of enchant weapon
 F - a scroll of recharging
 G - a scroll of summoning
 I - a scroll of noise {unknown}
 J - 2 scrolls of magic mapping {unknown}
 N - a scroll of acquirement {unknown}
 O - a scroll of fear
 X - a scroll of vulnerability {unknown}
Potions
 f - 2 potions of mutation
 r - 3 potions of resistance {unknown}
 t - 2 potions of might
 v - 2 potions of curing
 w - 3 potions of lignification
 H - a potion of cancellation {unknown}
 K - a potion of ambrosia {unknown}
 V - 3 potions of flight {unknown}
 Y - a potion of berserk rage {unknown}
Books
 b - a book of Conjurations

   Spells                             Type                      Level
   a - Magic Dart                     Conjuration                  1
   b - Searing Ray                    Conjuration                  2
   c - Dazzling Spray                 Conjuration/Hexes            3
   d - Fulminant Prism                Conjuration/Hexes            4
   e - Force Lance                    Conjuration/Translocation    4
   f - Iskenderun's Mystic Blast      Conjuration                  4
 P - a book of Enchantments

   Spells                             Type                      Level
   a - Cause Fear                     Hexes                        4
   b - Yara's Violent Unravelling     Hexes/Transmutation          5
   c - Silence                        Hexes/Air                    5
   d - Deflect Missiles               Charms/Air                   6
   e - Discord                        Hexes                        8
Miscellaneous
 M - a crystal ball of energy
Comestibles
 c - 12 bread rations
 d - 8 royal jellies
 p - 8 fruits
 s - 7 meat rations


   Skills:
 - Level 4.0 Fighting
 - Level 6.0 Short Blades
 - Level 7.1 Dodging
 - Level 3.1 Stealth
 - Level 12.1 Spellcasting
 - Level 12.1 Conjurations
 + Level 10.0 Hexes
 + Level 10.1 Charms
 - Level 10.0 Necromancy
 - Level 10.0 Translocations
 - Level 10.0 Fire Magic
 - Level 2.1 Evocations


You had 12 spell levels left.
You knew the following spells:

 Your Spells              Type           Power        Failure   Level  Hunger
a - Magic Dart            Conj           ####         0%          1    None
b - Dazzling Spray        Conj/Hex       ######       1%          3    None
c - Searing Ray           Conj           ######       1%          2    None
d - Fulminant Prism       Conj/Hex       ######....   1%          4    None
e - Force Lance           Conj/Tloc      ######..     1%          4    None
g - Regeneration          Chrm/Necr      ######....   1%          3    None
h - Spectral Weapon       Hex/Chrm       ######..     1%          3    None
i - Fireball              Conj/Fire      ######....   1%          5    #......


Dungeon Overview and Level Annotations

Branches:
Dungeon (15/15)            Temple (1/1) D:4            Lair (0/6) D:9
    Orc (0/2) D:12         Vaults (0/5) D:13
 Depths: D:15

Altars:
Ashenzari
Cheibriados
Dithmenos
Elyvilon
Fedhas
Gozag
Hepliaklqana
Kikubaaqudgha
Makhleb
Nemelex Xobeh
Okawaru
Ru
Sif Muna
Trog
Vehumet
Xom
Zin

Shops:
D:8 ?   D:11 }

Annotations:
D:15 Azrael; Jotun's ghost, journeyman HOBe


Innate Abilities, Weirdness & Mutations

You are partially covered in slimy green scales. (AC +2)
You can translocate small distances at will.


Message History

Azrael hits your fulminant prism with a scimitar of flaming!
Your fulminant prism explodes!
The blast of energy engulfs the hell hound.
The hell hound is almost dead.
The blast of energy engulfs Azrael.
Azrael is moderately wounded.
Casting: Fulminant Prism
Confirm with . or Enter, or press ? or * to list all spells.
Aiming: Fulminant Prism
Press: ? - help, Dir - move target cursor You conjure a prism of explosive energy!
The hell hound breathes flames at you. The blast of flame hits you!
The fire burns you terribly!
* * * LOW HITPOINT WARNING * * *
You feel better. The hell hound breathes flames at you.
The blast of flame hits your fulminant prism.
Your fulminant prism resists.
The blast of flame hits you! The fire burns you terribly!
You die...

.......... ...#
........C# #..#
.......*.# +..+ .
.........# #..# ..
........$# #..# ...
.........##########..#
####...
........((†..........+
#......
###......####........#
#§..... # #......#
#...@..h.######§.....
# #''##..'
#......*h.R§§.§§.....
#... #..#
##########....§.§....
.. #..# #......##### .
#### ###....'....
#....#.... #....#....
#....#.... #....#....


You could see Azrael, 2 hell hounds and a friendly fulminant prism.

Vanquished Creatures
  Kirke (D:15)
  The ghost of Giltor the Maledictor, a journeyman SpEn of Okawaru (D:13)
  Josephine (D:14)
  A hydra (D:13)
  4 vault guards (D:13)
  A catoblepas (D:15)
  6 centaur warriors
  7 two-headed ogres
  A tengu warrior (D:13)
  2 ogre magi (D:13)
  3 skeletal warriors (D:13)
  An unseen horror (D:10)
  A sea snake (shapeshifter) (D:13)
  A wolf spider zombie (D:14)
  2 deep elf magi
  2 ugly things
  5 cyclopes
  3 manticores
  3 centaur zombies
  2 gargoyles
  3 komodo dragons
  The ghost of chipmonk the Skirmisher, a novice GrBe of Trog (D:4)
  An efreet (D:13)
  A tengu conjurer (D:14)
  5 trolls
  3 hornets
  3 hippogriffs
  3 slime creatures (D:12)
  A meliai zombie (D:12)
  A vampire (D:14)
  A wyvern (D:15)
  4 wraiths (D:14)
  36 yaks
  2 fire elementals (D:15)
  2 hungry ghosts
  8 hogs
  A human (D:7)
  Grum (D:10)
  A steam dragon (D:12)
  4 vampire mosquitoes (D:13)
  2 acid dragons
  5 water moccasins
  A water moccasin (shapeshifter) (D:11)
  A floating eye (shapeshifter) (D:15)
  5 orc warriors
  2 ice beasts
  A black bear (D:11)
  2 eyes of draining
  A necrophage (D:11)
  5 sky beasts
  2 phantoms
  5 wolves (D:9)
  11 ogres
  15 centaurs
  6 big kobolds
  14 bullfrogs
  6 gnoll sergeants
  A water moccasin zombie (D:6)
  5 scorpions
  11 killer bees
  8 wights
  A howler monkey (D:12)
  2 electric eels (D:9)
  5 crimson imps
  A bullfrog zombie (D:13)
  2 bullfrog skeletons
  4 centaur skeletons
  8 orc priests
  Crazy Yiuf (D:3)
  8 hounds
  5 jellies
  12 orc wizards
  2 iguanas
  Terence (D:3)
  10 worker ants
  A killer bee zombie (D:10)
  A hound skeleton (D:10)
  A worker ant zombie (D:7)
  A howler monkey skeleton (D:10)
  11 adders
  8 gnolls
  3 shadow imps
  2 oozes
  7 worms
  A dart slug (D:1)
  6 leopard geckos
  57 orcs
  8 bats
  5 giant cockroaches
  12 goblins
  9 hobgoblins
  14 jackals
  6 quokkas
  2 frilled lizards
  A giant cockroach zombie (D:6)
  A jackal skeleton (D:6)
  34 kobolds
  A leopard gecko skeleton (D:6)
  A quokka skeleton (D:5)
  11 rats
  28 fulminant prisms
533 creatures vanquished.

Vanquished Creatures (others)
  A hippogriff (D:12)
  A human (D:15)
  An eye of draining (D:15)
  An ogre (D:9)
  2 centaurs (D:14)
  A big kobold (D:12)
  A quokka (D:7)
  A kobold (D:9)
  246 fulminant prisms
255 creatures vanquished.

Grand Total: 788 creatures vanquished

Notes
Turn   | Place    | Note
-------+----------+-------------------------------------------
     0 | D:1      | grinvi4 the Deep Elf Conjurer began the quest for the Orb.
     0 | D:1      | Reached XP level 1. HP: 10/10 MP: 6/6
   373 | D:1      | Reached XP level 2. HP: 15/15 MP: 5/8
   547 | D:1      | Reached skill level 5 in Conjurations
  1049 | D:2      | Found a burning altar of Makhleb.
  1280 | D:2      | Reached XP level 3. HP: 19/19 MP: 4/10
  1472 | D:2      | Found a hazy altar of Hepliaklqana.
  2070 | D:2      | Reached skill level 5 in Spellcasting
  2075 | D:2      | Learned a level 3 spell: Dazzling Spray
  2078 | D:2      | Learned a level 2 spell: Searing Ray
  2223 | D:2      | Reached skill level 1 in Hexes
  2223 | D:2      | Reached XP level 4. HP: 24/24 MP: 9/13
  3022 | D:3      | Noticed a phantom
  3074 | D:3      | Killed a phantom
  3074 | D:3      | Reached skill level 5 in Hexes
  3074 | D:3      | Reached XP level 5. HP: 28/28 MP: 1/14
  3180 | D:3      | Found an iron altar of Okawaru.
  3197 | D:3      | Noticed Terence
  3212 | D:3      | Killed Terence
  3348 | D:3      | Found a runed door.
  3521 | D:3      | Noticed Crazy Yiuf
  3528 | D:3      | Killed Crazy Yiuf
  3528 | D:3      | Reached XP level 6. HP: 32/32 MP: 0/15
  3663 | D:4      | You fall through a shaft for 2 floors!
  3668 | D:6      | Noticed a sky beast
  3687 | D:6      | Killed a sky beast
  3921 | D:5      | Entered Level 5 of the Dungeon
  4048 | D:4      | Found a shadowy altar of Dithmenos.
  4082 | D:4      | Found an ancient bone altar of Kikubaaqudgha.
  4082 | D:4      | Noticed chipmonk's ghost (novice GrBe)
  4088 | D:4      | Learned a level 4 spell: Fulminant Prism
  4112 | D:4      | Killed chipmonk's ghost
  4112 | D:4      | Reached XP level 7. HP: 36/36 MP: 0/20
  4367 | D:4      | Learned a level 4 spell: Force Lance
  4372 | D:4      | Learned a level 4 spell: Iskenderun's Mystic Blast
  4414 | D:4      | Found a staircase to the Ecumenical Temple.
  4424 | Temple   | Entered the Ecumenical Temple
  4452 | Temple   | Became a worshipper of Vehumet
  4718 | D:5      | Reached skill level 1 in Translocations
  5294 | D:5      | Reached XP level 8. HP: 41/41 MP: 14/22
  5596 | D:5      | Reached skill level 5 in Translocations
  6030 | D:5      | Reached * piety under Vehumet
  6030 | D:5      | Offered knowledge of Sting by Vehumet.
  6032 | D:5      | Found a bloodstained altar of Trog.
  6283 | D:5      | Found a snail-covered altar of Cheibriados.
  7116 | D:6      | Gained mutation: You are partially covered in slimy green scales. (AC +2) [potion of mutation]
  7116 | D:6      | Gained mutation: You can translocate small distances at will. [potion of mutation]
  7174 | D:6      | Reached ** piety under Vehumet
  7174 | D:6      | Offered knowledge of Sandblast by Vehumet.
  7497 | D:6      | Noticed a hornet
  7507 | D:6      | Killed a hornet
  7507 | D:6      | Reached XP level 9. HP: 36/45 MP: 12/23
  7620 | D:6      | Found a sacrificial altar of Ru.
  7709 | D:6      | Got a shimmering crystal amulet
  7710 | D:6      | Identified the amulet "Ummonil" {rC+ Regen+} (You found it on level 6 of the Dungeon)
  8684 | D:7      | Offered knowledge of Mephitic Cloud by Vehumet.
  8853 | D:7      | Found a white marble altar of Elyvilon.
  9256 | D:7      | Reached skill level 10 in Spellcasting
  9431 | D:7      | Reached *** piety under Vehumet
  9622 | D:8      | Reached XP level 10. HP: 43/50 MP: 19/27
  9668 | D:8      | Found Laitet's Magic Scroll Shop.
  9823 | D:8      | Reached skill level 1 in Short Blades
 10459 | D:9      | Offered knowledge of Inner Flame by Vehumet.
 10468 | D:9      | Reached skill level 5 in Dodging
 11058 | D:9      | Found a blossoming altar of Fedhas.
 11065 | D:9      | Learned a level 3 spell: Regeneration
 11192 | D:9      | Found an opulent altar of Gozag.
 11203 | D:9      | Reached skill level 1 in Charms
 11203 | D:9      | Reached skill level 1 in Necromancy
 11406 | D:9      | Reached **** piety under Vehumet
 11632 | D:9      | Found a sparkling altar of Nemelex Xobeh.
 11813 | D:9      | Reached skill level 5 in Charms
 11892 | D:9      | Found a staircase to the Lair.
 12278 | D:9      | Got a transparent rapier
 12281 | D:9      | Identified the +8 rapier of Karma {flame, *Slow Int+7} (You found it on level 9 of the Dungeon)
 12491 | D:10     | Entered Level 10 of the Dungeon
 12519 | D:10     | Offered knowledge of Ignite Poison by Vehumet.
 12533 | D:10     | Reached XP level 11. HP: 54/54 MP: 17/28
 12679 | D:10     | Noticed Grum
 12945 | D:10     | Killed Grum
 12982 | D:10     | Got a jewelled scimitar
 13061 | D:10     | Identified the +7 scimitar of Revolt {holy, rC+ Str-4 Int+3} (You found it on level 10 of the Dungeon)
 13130 | D:10     | Reached skill level 10 in Conjurations
 13252 | D:10     | Learned a level 3 spell: Spectral Weapon
 13539 | D:10     | Noticed a two-headed ogre
 13548 | D:10     | Killed a two-headed ogre
 13548 | D:10     | Reached skill level 5 in Necromancy
 14152 | D:10     | Reached ***** piety under Vehumet
 14355 | D:10     | Noticed a deep elf mage
 14359 | D:10     | Killed a deep elf mage
 14370 | D:10     | Got an ancient ivory ring
 14479 | D:10     | Identified the ring of Dezusk {+Blink MR+ Dex+2} (You took it off a deep elf mage on level 10 of the Dungeon)
 14688 | D:10     | Offered knowledge of Fireball by Vehumet.
 14847 | D:10     | Got a wavering diamond amulet
 14859 | D:10     | Got a vibrating silver ring
 14862 | D:10     | Got a twitching amethyst amulet
 14934 | D:10     | Noticed an unseen horror
 14970 | D:10     | Identified the amulet of Himovves {Spirit MR+++ Int+2 Dex-5} (You found it on level 10 of the Dungeon)
 15088 | D:9      | Identified the amulet of the Mantidfly {Faith rPois} (You found it on level 10 of the Dungeon)
 15090 | D:9      | Identified the ring of Rocom {Ice +Fly Dex-3 Slay+5 SInv} (You found it on level 10 of the Dungeon)
 15168 | D:10     | Killed an unseen horror
 15168 | D:10     | Reached skill level 10 in Hexes
 15409 | D:11     | Noticed a brown ugly thing
 15412 | D:11     | Reached skill level 10 in Translocations
 15567 | D:10     | Learned a level 5 spell: Fireball
 15618 | D:11     | Paralysed by a hornet for 1 turns
 15623 | D:11     | Reached skill level 1 in Fighting
 15866 | D:11     | Reached skill level 1 in Fire Magic
 15986 | D:11     | Reached XP level 12. HP: 61/61 MP: 24/29
 16289 | D:11     | Reached skill level 1 in Evocations
 16331 | D:11     | Found Puohol's Gadget Shop.
 16356 | D:11     | Offered knowledge of Bolt of Magma by Vehumet.
 17154 | D:12     | Reached skill level 5 in Fire Magic
 17977 | D:12     | Found a staircase to the Orcish Mines.
 18049 | D:13     | Noticed a two-headed ogre
 18049 | D:13     | Noticed Giltor's ghost (journeyman SpEn)
 18083 | D:13     | Killed Giltor's ghost
 18083 | D:13     | Killed a two-headed ogre
 18610 | D:13     | Noticed a centaur warrior
 18616 | D:13     | Killed a centaur warrior
 18616 | D:13     | Offered knowledge of Venom Bolt by Vehumet.
 18808 | D:13     | Noticed a vault guard
 18809 | D:13     | Noticed an ogre mage
 18809 | D:13     | Noticed a vault guard
 18819 | D:13     | Noticed a vault guard
 18820 | D:13     | Killed a vault guard
 18820 | D:13     | Reached XP level 13. HP: 65/65 MP: 16/30
 19044 | D:13     | Reached skill level 10 in Necromancy
 19338 | D:13     | Found a gate to the Vaults.
 19417 | D:13     | Reached skill level 10 in Fire Magic
 20733 | D:14     | Found a shimmering altar of Xom.
 20737 | D:14     | Found a shimmering altar of Xom.
 20737 | D:14     | Found a shimmering altar of Xom.
 20741 | D:14     | Found a shimmering altar of Xom.
 20742 | D:14     | Found a shimmering altar of Xom.
 20742 | D:14     | Found a shimmering altar of Xom.
 20752 | D:14     | Noticed Josephine
 20762 | D:14     | Killed Josephine
 20944 | D:14     | Offered knowledge of Conjure Ball Lightning by Vehumet.
 21055 | D:14     | Reached skill level 10 in Charms
 21435 | D:14     | Found a shimmering altar of Xom.
 22117 | D:14     | Reached skill level 5 in Short Blades
 22529 | D:15     | Entered Level 15 of the Dungeon
 22529 | D:15     | Noticed Jotun's ghost (journeyman HOBe)
 23173 | D:15     | Noticed Kirke
 23175 | D:15     | Reached XP level 14. HP: 74/74 MP: 25/32
 23185 | D:15     | Killed Kirke
 23549 | D:15     | Noticed Azrael
 23556 | D:15     | HP: 2/76 [hell hound/blast of flame[Azrael] (15)]
 23557 | D:15     | Killed from afar by a hell hound

Skill      XL: |  1  2  3  4  5  6  7  8  9 10 11 12 13 14 |
---------------+-------------------------------------------+-----
Conjurations   | 5 6 8 9 10 11 12 | 12.1
Spellcasting   | 4 5 7 8 11 12 | 12.1
Hexes          | 1 5 6 8 10 | 10.0
Translocations | 4 6 8 10 | 10.0
Short Blades   | 2 3 5 6 |  6.0
Dodging        | 7 |  7.1
Charms         | 5 7 9 10 | 10.1
Necromancy     | 4 5 8 10 | 10.0
Fighting       | 1 3 4 |  4.0
Stealth        | 3 |  3.1
Fire Magic     | 1 9 10 | 10.0
Evocations     | 1 2 |  2.1

Action                   |  1- 3 |  4- 6 |  7- 9 | 10-12 | 13-15 || total
-------------------------+-------+-------+-------+-------+-------++-------
Melee: Short sword       |       |       |       |     6 |       ||     6
       Rapier            |       |       |       |    58 |    38 ||    96
 Cast: Magic Dart        |    90 |    79 |   212 |   144 |    33 ||   558
       Searing Ray       |       |    11 |    19 |     8 |       ||    38
       Dazzling Spray    |       |     1 |    10 |    30 |     1 ||    42
       Fulminant Prism   |       |     4 |    18 |   150 |   105 ||   277
       Iskenderun's Myst |       |       |    11 |     2 |       ||    13
       Force Lance       |       |       |     3 |    74 |    36 ||   113
       Regeneration      |       |       |       |    13 |     8 ||    21
       Spectral Weapon   |       |       |       |     9 |     3 ||    12
       Fireball          |       |       |       |    14 |    26 ||    40
 Abil: Blink             |       |       |     1 |       |       ||     1
  Use: Scroll            |       |       |    13 |     1 |       ||    14
       Potion            |       |       |    10 |     3 |     2 ||    15
 Stab: Distracted        |       |       |       |     1 |       ||     1
  Eat: Chunk             |     4 |     5 |    18 |    20 |    10 ||    57
       Fruit             |       |       |     6 |       |     4 ||    10
       Bread ration      |       |       |     1 |       |       ||     1
       Royal jelly       |       |       |       |     3 |       ||     3
Armor: Robe              |     4 |     2 |     6 |    31 |    11 ||    54
Dodge: Dodged            |     8 |    18 |    35 |   143 |    51 ||   255
